 Dungeon Crawl Stone Soup version 0.18.1-48-g4cf74bf (webtiles) character file.

76 Agor the Grasshopper (level 4, 0/23 HPs)
             Began as a Spriggan Warper on Aug 8, 2016.
             Succumbed to a worker ant's poison
             ... on level 3 of the Dungeon.
             The game lasted 00:06:41 (2468 turns).

Agor the Grasshopper (Spriggan Warper)              Turns: 2468, Time: 00:06:42

Health: 0/23       AC:  2    Str:  8    XL:     4   Next: 12%
Magic:  8/9        EV: 19    Int: 14    God:
Gold:   136        SH:  0    Dex: 15    Spells: 3 memorised, 4 levels left

rFire  . . .     SeeInvis +     a - +0 dagger (flame)
rCold  . . .     Gourm    .     u - +0 robe
rNeg   . . .     Faith    .     (shield restricted)
rPois  .         Spirit   .     (helmet restricted)
rElec  .         Dismiss  .     (no cloak)
rCorr  .         Reflect  .     (gloves unavailable)
SustAt .         Harm     .     (boots unavailable)
MR     .....                    (no amulet)
Stlth  ++........               (no ring)
                                (no ring)

@: lethally poisoned (0 -> -8), very quick, not resistant to hostile
enchantments, unstealthy
A: unfitting armour, see invisible, herbivore 3, speed 3, slow metabolism 2
a: no special abilities


You were on level 3 of the Dungeon.
You were not hungry.

You visited 1 branch of the dungeon, and saw 3 of its levels.

You collected 136 gold pieces.

Inventory:

Hand Weapons
 a - a +0 dagger of flaming (weapon)
 b - a +0 hunting sling
Missiles
 e - 5 tomahawks of dispersal (quivered)
 m - 110 stones
 n - 6 curare-tipped needles
 o - 4 tomahawks
 y - 15 poisoned needles
Armour
 u - a +0 robe (worn)
Jewellery
 s - an uncursed ring of poison resistance {unknown}
Wands
 w - a wand of random effects (23/48)
Scrolls
 d - a scroll of blinking
 g - 6 scrolls of remove curse {unknown}
 h - a scroll of teleportation {unknown}
 p - a scroll of amnesia {unknown}
 x - a scroll of identify {unknown}
Potions
 i - 2 potions of agility {unknown}
 j - a potion of beneficial mutation {unknown}
 k - a potion of cure mutation {unknown}
 l - a potion of haste {unknown}
 q - 3 potions of curing {unknown}
 r - a potion of heal wounds {unknown}
 t - a potion of cancellation {unknown}
 v - a potion of berserk rage {unknown}
 z - a potion of invisibility {unknown}
Books
 c - a book of Spatial Translocations

   Spells                             Type                      Level
   a - Apportation                    Translocation                1
   b - Blink                          Translocation                2
   c - Shroud of Golubria             Charms/Translocation         2
   d - Portal Projectile              Translocation                3
   e - Teleport Other                 Translocation                3
   f - Passage of Golubria            Translocation                4
Comestibles
 f - 3 bread rations


   Skills:
 + Level 1.9 Fighting
 + Level 2.5 Short Blades
 * Level 1.3(1.6) Slings
 + Level 1.1(1.3) Throwing
 * Level 4.8 Dodging
 * Level 1.2 Stealth
 + Level 3.0 Spellcasting
 + Level 4.8 Translocations


You had 4 spell levels left.
You knew the following spells:

 Your Spells              Type           Power        Failure   Level  Hunger
a - Apportation           Tloc           ###.......   2%          1    #......
b - Blink                 Tloc           N/A          4%          2    ##.....
c - Shroud of Golubria    Chrm/Tloc      #.........   14%         2    ##.....


Dungeon Overview and Level Annotations

Branches:
Dungeon (3/15)

Altars:
Xom
The Shining One


Innate Abilities, Weirdness & Mutations

You are tiny and cannot use many weapons and most armour.
You have supernaturally acute eyesight.
You are a herbivore.
You cover ground extremely quickly.
You need consume almost no food.


Message History

You are poisoned.
The worker ant poisons you!
Your shroud falls apart!
You closely miss the worker ant.
The worker ant is heavily wounded.
You feel sick. The worker ant completely misses you.
You barely miss the worker ant.
The worker ant is heavily wounded.
You feel sick. The worker ant bites you.
You hit the worker ant. You burn the worker ant.
The worker ant is severely wounded.
You feel sick.
The worker ant bites you but does no damage.
You hit the worker ant. You burn the worker ant.
The worker ant is almost dead.
The worker ant bites you!
* * * LOW HITPOINT WARNING * * *
You hit the worker ant but do no damage.
The worker ant is almost dead.
You die...

#############
#...........#
#...........#
#...........#
#..(.(((.a@.# ..
##.(.######## ..
#...+....##########
$
#...####.##.......#
#..... #.##.#####.#
### #####+###....#
#.#
..#####.(....#######
#.# .K(..K.......#
#.# #.#
...###.......# ##.#
#.#


You could see a worker ant.

Vanquished Creatures
  2 adders (D:2)
  A worm (D:2)
  2 dart slugs (D:2)
  A giant gecko (D:1)
  An orc (D:3)
  2 ball pythons (D:2)
  6 bats
  4 giant cockroaches
  9 goblins
  4 hobgoblins
  3 kobolds
  A quokka (D:2)
  4 giant newts
  5 rats
45 creatures vanquished.

Notes
Turn   | Place    | Note
--------------------------------------------------------------
     0 | D:1      | Agor the Spriggan Warper began the quest for the Orb.
     0 | D:1      | Reached XP level 1. HP: 10/10 MP: 5/5
    80 | D:1      | Reached XP level 2. HP: 5/14 MP: 6/6
   575 | D:1      | Found a glowing golden altar of the Shining One.
   814 | D:1      | Learned a level 2 spell: Blink
   817 | D:1      | Learned a level 2 spell: Shroud of Golubria
  1150 | D:2      | Reached XP level 3. HP: 17/18 MP: 4/8
  1924 | D:2      | Reached skill level 1 in Stealth
  1975 | D:2      | Reached XP level 4. HP: 23/23 MP: 9/9
  2018 | D:2      | Reached skill level 1 in Slings
  2046 | D:2      | Found a shimmering altar of Xom.
  2467 | D:3      | HP: 1/23 [worker ant (8)]
  2468 | D:3      | Succumbed to a worker ant's poison

Skill      XL: |  1  2  3  4 |
---------------+-------------+-----
Dodging        | 4 |  4.8
Spellcasting   | 3 |  3.0
Stealth        | 1 |  1.2
Slings         | 1 |  1.3
Fighting       | |  1.9
Short Blades   | |  2.5
Throwing       | |  1.1
Translocations | |  4.8

Action                   |  1- 3 |  4- 6 || total
-------------------------+-------+-------++-------
Melee: Short sword       |    32 |       ||    32
       Dagger            |    54 |    15 ||    69
 Fire: Hunting sling     |    49 |    27 ||    76
 Cast: Shroud of Golubri |     2 |     1 ||     3
 Stab: Sleeping          |     2 |       ||     2
Armor: Robe              |     7 |     3 ||    10
Dodge: Dodged            |    92 |    17 ||   109
